 Dungeon Crawl Stone Soup version 0.30-a0-377-g5cb311bc9f (webtiles) character file.

Game seed: 7269397867759225539

520 zishaf the Trooper (level 6, -3/47 HPs)
             Began as a Demigod Wanderer on Nov 29, 2022.
             Slain by an ogre
             ... wielding a +0 giant club
              (20 damage)
             ... on level 5 of the Dungeon.
             The game lasted 00:06:18 (3104 turns).

zishaf the Trooper (Demigod Wanderer)               Turns: 3104, Time: 00:06:19

Health: -3/47      AC:  9    Str: 20    XL:     6   Next: 69%
Magic:  11/13      EV: 10    Int: 20    God:
Gold:   222        SH:  0    Dex: 14    Spells: 8/11 levels left

rFire   . . .      SeeInvis .    a - +1 war axe
rCold   . . .      Faith    .    (no shield)
rNeg    . . .      Spirit   .    l - +0 ring mail
rPois   .          Reflect  .    (helmet restricted)
rElec   +          Harm     .    (no cloak)
rCorr   .          Rampage  .    (no gloves)
Will    .....                    (no boots)
Stlth   +.........               (no amulet)
HPRegen 0.27/turn                o - +6 ring of strength
MPRegen 0.13/turn                t - +4 ring of protection

@: no status effects
A: high MP 1, forlorn, divine attributes, antennae 1, frail 1, electricity
resistance, noise suppression
a: no special abilities


You were on level 5 of the Dungeon.
You visited 1 branch of the dungeon, and saw 5 of its levels.

You collected 222 gold pieces.

Inventory:

Hand Weapons
 a - a +1 war axe (weapon)
 d - a +0 dagger
Missiles
 c - 17 poisoned darts (quivered)
Armour
 f - a +0 leather armour
 l - a +0 ring mail (worn)
Jewellery
 o - a +6 ring of strength (left hand)
 t - a +4 ring of protection (right hand)
 w - a ring of wizardry
Wands
 g - a wand of polymorph (8)
 n - a wand of digging (6)
Scrolls
 b - a scroll of enchant weapon
 j - 3 scrolls of teleportation {unknown}
 m - a scroll of poison {unknown}
 r - a scroll of summoning {unknown}
 u - a scroll of magic mapping {unknown}
 v - a scroll of fear {unknown}
Potions
 e - 2 potions of heal wounds
 h - 2 potions of haste
 i - a potion of cancellation
 k - a potion of mutation
 p - 3 potions of curing
 q - a potion of lignification {unknown}
 s - 2 potions of berserk rage


   Skills:
 + Level 4.6 Fighting
 - Level 3.0 Axes
 - Level 3.0 Throwing
 - Level 2.0 Armour
 - Level 3.0 Spellcasting
 + Level 2.3 Ice Magic
 - Level 1.0 Evocations


You had 8 spell levels left.
You knew the following spells:

 Your Spells              Type           Power      Damage    Failure   Level
A - Frozen Ramparts       Ice            24%        1d4       26%         3

Your spell library contained the following spells:

 Spells                   Type           Power      Damage    Failure   Level
 Freeze                   Ice            48%        1d6       9%          1
 Shock                    Conj/Air       12%        1d3       24%         1
 Hailstorm                Conj/Ice       7%         3d4       41%         3
 Swiftness                Air            3%         N/A       56%         3
 Airstrike                Air            1%         2d(1-17)  93%         4


Dungeon Overview and Level Annotations

Branches:
Dungeon (5/15)
 Temple: D:4-7

Shops:
D:2 :


Innate Abilities, Weirdness & Mutations

You have an increased reservoir of magic. (+10% MP)
You shall have no god before yourself.
Your divine heritage dramatically boosts your attributes as you level up.
You have a pair of small antennae on your head.
You are frail. (-10% HP)
You are resistant to electric shocks. (rElec)
You passively dampen the noise of your surroundings.


Message History

The walls around you are covered in ice.
The wall freezes the orc.
You hit the orc.
The orc is severely wounded.
The wall freezes the orc.
You kill the orc!
The wall freezes the orc.
You closely miss the orc.
The orc is lightly wounded.
The wall freezes the orc.
The orc hits you but does no damage.
You hit the orc.
The orc is almost dead.
The wall freezes the ogre.
The wall freezes the orc.
You kill the orc!
The wall freezes the ogre.
You hit the ogre.
The ogre is moderately wounded.
The wall freezes the ogre but does no damage.
The ogre misses you.
The wall freezes the orc.
The orc hits you from afar with a +0 trident.
You slash the ogre!
The ogre is severely wounded.
The wall freezes the orc but does no damage.
The orc hits you from afar with a +0 trident.
The wall freezes the ogre.
The ogre hits you with a +0 giant club!!
You hit the ogre but do no damage.
The ogre is severely wounded.
The frozen ramparts melt away.
The orc hits you but does no damage. The ogre hits you with a +0 giant club.
The orc barely misses you.
You hit the ogre.
The ogre is almost dead.
The orc hits you but does no damage. The ogre hits you with a +0 giant club.
You barely miss the ogre.
The ogre is almost dead.
The orc misses you.
You hit the ogre but do no damage.
The ogre is almost dead.
The ogre hits you with a +0 giant club!!
You die...

#.# #.# #.# #.#
#.# ###.# #..<#
#####.#.#
#.O@..#.#
#######o#####.#
..........# #.#
.......o#.# #.#
####...o......#
.....O..>####
...........#
#.###.#....# ..
.......#


You could see an ogre and an orc.

Vanquished Creatures
  Grinder (D:3)
  A scorpion (D:4)
  A hound (D:4)
  An orc priest (D:4)
  Jessica (D:3)
  7 adders
  A shadow imp (D:4)
  An ufetubus (D:4)
  2 worms (D:2)
  3 dart slugs
  5 orcs
  13 ball pythons
  4 endoplasms
  4 giant cockroaches
  11 goblins
  9 hobgoblins
  6 jackals
  4 kobolds
  4 quokkas
  6 bats
  3 frilled lizards
  A rat (D:2)
89 creatures vanquished.

Vanquished Creatures (others)
  12 plants (D:3)
12 creatures vanquished.

Grand Total: 101 creatures vanquished

Notes
Turn   | Place    | Note
-------+----------+-------------------------------------------
     0 | D:1      | zishaf the Demigod Wanderer began the quest for the Orb.
     0 | D:1      | zishaf set off with the following items: a +0 war axe, a
                  | potion of mutation, 15 poisoned darts, a +0 dagger, a
                  | potion of heal wounds, a +0 leather armour.
     0 | D:1      | Reached XP level 1. HP: 16/16 MP: 3/3
     0 | D:1      | Gained mutation: You are frail. (-10% HP) [potion of
                  | mutation]
     0 | D:1      | Gained mutation: You have a pair of small antennae on your
                  | head. [potion of mutation]
     0 | D:1      | Gained mutation: You are resistant to electric shocks.
                  | (rElec) [potion of mutation]
     0 | D:1      | Gained mutation: You passively dampen the noise of your
                  | surroundings. [potion of mutation]
   287 | D:1      | Reached XP level 2. HP: 17/20 MP: 4/4
   861 | D:2      | Found Jyconil's Book Boutique.
   925 | D:2      | Reached skill level 2 in Fighting
  1020 | D:2      | Reached XP level 3. HP: 19/26 MP: 5/5
  1730 | D:3      | Reached skill level 1 in Spellcasting
  1730 | D:3      | Reached XP level 4. HP: 18/33 MP: 6/8
  1798 | D:3      | Noticed Grinder
  1818 | D:3      | Paralysed by Grinder for 2 turns
  1820 | D:3      | Killed Grinder
  1821 | D:3      | Reached skill level 3 in Fighting
  1821 | D:3      | Reached XP level 5. HP: 6/41 MP: 8/12
  1825 | D:3      | Learned a level 3 spell: Frozen Ramparts
  2057 | D:3      | Noticed Jessica
  2060 | D:3      | Killed Jessica
  2100 | D:3      | Reached skill level 4 in Fighting
  2125 | D:3      | Reached XP level 6. HP: 45/46 MP: 13/13
  2409 | D:4      | Reached skill level 1 in Ice Magic
  2417 | D:4      | Noticed a +0 dagger
  2418 | D:4      | Noticed a +0 hand axe
  2970 | D:4      | Noticed Sigmund
  2973 | D:4      | Sigmund changed into Sigmund the goblin
  2973 | D:4      | Noticed Sigmund
  2977 | D:4      | Killed Sigmund the goblin
  3080 | D:5      | Entered Level 5 of the Dungeon
  3104 | D:5      | Slain by an ogre

Illustrated notes

Levels and vault maps discovered:
D:1:      dpeg_arrival_snail, layout_rooms, serial_forest,
          infiniplex_forest_clump_C, infiniplex_forest_lined_room_2,
          infiniplex_forest_corner_2, infiniplex_forest_fountain,
          infiniplex_forest_diagonal, infiniplex_forest_zigzag_2,
          infiniplex_forest_end_3, infiniplex_forest_corner_2,
          infiniplex_forest_lined_2
D:2:      layout_loops_ring, serial_shops, shop_statue
D:3:      layout_rooms, elyvilon_altar_1, minivault_23, serial_bayou_pond_c,
          uniq_grinder, uniq_jessica
D:4:      minmay_diamond_boxcup, layout_cave_pools, dancing_weapons_uskayaw,
          nicolae_sif_muna_condensation, serial_column_ruins, column_ruins_hut,
          column_ruins_grid_3, column_ruins_open_tiny, column_ruins_open_small,
          column_ruins_open_medium_water, uniq_sigmund
D:5:      layout_basic

Skill      XL: |  1  2  3  4  5  6 |
---------------+-------------------+-----
Armour         | 2 |  2.0
Axes           | 3 |  3.0
Throwing       | 3 |  3.0
Fighting       | 2 3 4 |  4.6
Spellcasting   | 1 3 |  3.0
Ice Magic      | 2 |  2.3
Evocations     | |  1.0

Action                   |  1- 3 |  4- 6 || total
-------------------------+-------+-------++-------
Melee: War axe           |   133 |   135 ||   268
Throw: Dart              |     2 |       ||     2
 Cast: Frozen Ramparts   |       |     1 ||     1
Evoke: Wand              |       |     2 ||     2
  Use: Potion            |     1 |     2 ||     3
       Scroll            |     2 |     4 ||     6
Armor: Leather armour    |    17 |       ||    17
       Ring mail         |    34 |    56 ||    90
Dodge: Dodged            |    85 |    84 ||   169

Table legend: (Time is in decaauts)
 A = Elapsed time spent in this place.
 B = Non-inter-level travel time spent in this place.
 C = Inter-level travel time spent in this place.
 D = Time resting spent in this place.
 E = Time spent auto-exploring this place.
 F = Levels seen in this place.
 G = Mean time per level.
                   A        B        C        D        E       F      G
               +--------+--------+--------+--------+--------+-----+--------+
         Total |   3197 |   3066 |    131 |     28 |   2343 |   5 |  639.4 |
       Dungeon |   3197 |   3066 |    131 |     28 |   2343 |   5 |  639.4 |
               +--------+--------+--------+--------+--------+-----+--------+

Top non-repeatable levels by time:
     D:2: 919 daAuts
     D:3: 775 daAuts
     D:1: 741 daAuts
     D:4: 734 daAuts
     D:5: 26 daAuts
